| TOP OF THE 1ST |
|
Hartford Yard Goats batting - Pitching for Greensboro Grasshoppers : RHP Andy Gibson
|
|
Pitching: RHP Andy Gibson
|
|
|
Batting: LHB Nick Martin
|
0-0: Ball 1-0: Bunt missed! 1-1: SINGLE (Flyball, 5D, EV 91.9 MPH)
|
|
Batting: RHB Doug D'Onofrio
|
0-0: Foul Ball, location: 2F 0-1: Swinging Strike 0-2: Fly out, F8 (Flyball, 8LD, EV 101.2 MPH)
|
|
Batting: LHB Harry Folsom
|
0-0: Ball 1-0: DOUBLE (Flyball, 78D, EV 110.6 MPH) Nick Martin to third
|
|
Batting: RHB Wali Mulogo
|
0-0: Called Strike 0-1: Ball 1-1: DOUBLE (Line Drive, 78D, EV 110.0 MPH) Nick Martin scores Harry Folsom scores
|
|
Batting: RHB Chris Osting
|
0-0: Ball 1-0: Foul Ball, location: 2F 1-1: Foul Ball, location: 2F 1-2: Ball 2-2: Fly out, F9 (Flyball, 89M, EV 90.0 MPH)
|
|
Batting: RHB Ray Insley
|
0-0: Swinging Strike 0-1: Ball 1-1: Ball 2-1: Foul Ball, location: 2F 2-2: SINGLE (Groundball, 6MD, EV 101.9 MPH) Wali Mulogo to third Runner from 3rd tries for Home, SAFE, throw by CF to home
|
|
Batting: RHB Manny Thompson
|
0-0: Called Strike 0-1: Foul Ball, location: 2F 0-2: Strikes out swinging
|
| Top of the 1st over - 3 runs, 4 hits, 0 errors, 1 left on base; Hartford 3 - Greensboro 0 |
| BOTTOM OF THE 1ST |
|
Greensboro Grasshoppers batting - Pitching for Hartford Yard Goats : RHP Tanner Brazeal
|
|
Pitching: RHP Tanner Brazeal
|
|
|
Batting: RHB Tom Thompson
|
0-0: Ball 1-0: Fly out, F8 (Flyball, 8LD, EV 97.5 MPH)
|
|
Batting: LHB Angelo Estrella
|
0-0: Called Strike 0-1: Ball 1-1: Ball 2-1: Foul Ball, location: 2F 2-2: Ball 3-2: Base on Balls
|
|
Batting: LHB Dong-u Chang
|
0-0: Ball 1-0: Ball 2-0: Swinging Strike 2-1: Foul Ball, location: 2F 2-2: Ball 3-2: SINGLE (Groundball, 5S, EV 64.4 MPH) (infield hit) Angelo Estrella to second
|
|
Batting: RHB Miguel Velasco
|
0-0: Ball Angelo Estrella steals 3rd base Dong-u Chang to second 1-0: Fly out, F8 (Flyball, 8LXD, EV 104.4 MPH) Runner from 3rd tags up, SCORES, no throw by CF Dong-u Chang to third
|
|
Batting: RHB Nate Crofts
|
0-0: Ball 1-0: Ball 2-0: Ball 3-0: Called Strike 3-1: Foul Ball, location: 2F 3-2: Foul Ball, location: 2F 3-2: Base on Balls
|
|
Batting: RHB Alberto Bravo
|
0-0: Called Strike 0-1: Swinging Strike 0-2: Strikes out swinging
|
| Bottom of the 1st over - 1 run, 1 hit, 0 errors, 2 left on base; Hartford 3 - Greensboro 1 |
| TOP OF THE 2ND |
|
Hartford Yard Goats batting - Pitching for Greensboro Grasshoppers : RHP Andy Gibson
|
|
Batting: RHB Willie Benito
|
0-0: Foul Ball, location: 2F 0-1: Foul Ball, location: 2F 0-2: Strikes out swinging
|
|
Batting: RHB Josh Lofgreen
|
0-0: Called Strike 0-1: Ball 1-1: Ball 2-1: Foul Ball, location: 2F 2-2: Strikes out swinging
|
|
Batting: LHB Nick Martin
|
0-0: Called Strike 0-1: DOUBLE (Flyball, 8RD, EV 82.5 MPH)
|
|
Batting: RHB Doug D'Onofrio
|
0-0: Ball 1-0: Called Strike 1-1: Swinging Strike 1-2: Ball 2-2: Foul Ball, location: 2F 2-2: Ball 3-2: Foul Ball, location: 2F 3-2: Ground out 5-3 (Groundball, 56, EV 84.4 MPH)
|
| Top of the 2nd over - 0 runs, 1 hit, 0 errors, 1 left on base; Hartford 3 - Greensboro 1 |
| BOTTOM OF THE 2ND |
|
Greensboro Grasshoppers batting - Pitching for Hartford Yard Goats : RHP Tanner Brazeal
|
|
Batting: LHB Ryan Thompson
|
0-0: Ground out 6-3 (Groundball, 6, EV 85.6 MPH)
|
|
Batting: RHB J.D. Vander Klok
|
0-0: DOUBLE (Flyball, 78XD, EV 93.8 MPH)
|
|
Batting: RHB Hikaru Nakata
|
0-0: Ball 1-0: Swinging Strike 1-1: Swinging Strike 1-2: Foul Ball, location: 2F 1-2: Foul Ball, location: 2F 1-2: Strikes out looking
|
|
Batting: RHB Tom Thompson
|
0-0: Foul Ball, location: 2F 0-1: Ball 1-1: Fly out, F6 (Popup, 6, EV 55.6 MPH)
|
| Bottom of the 2nd over - 0 runs, 1 hit, 0 errors, 1 left on base; Hartford 3 - Greensboro 1 |
| TOP OF THE 3RD |
|
Hartford Yard Goats batting - Pitching for Greensboro Grasshoppers : RHP Andy Gibson
|
|
Batting: LHB Harry Folsom
|
0-0: Ground out 4-3 (Groundball, 34, EV 98.1 MPH)
|
|
Batting: RHB Wali Mulogo
|
0-0: Ball 1-0: Ball 2-0: Fly out, F7 (Flyball, 78S, EV 78.8 MPH)
|
|
Batting: RHB Chris Osting
|
0-0: Foul Ball, location: 2F 0-1: Called Strike 0-2: Ball 1-2: Strikes out swinging
|
| Top of the 3rd over - 0 runs, 0 hits, 0 errors, 0 left on base; Hartford 3 - Greensboro 1 |
| BOTTOM OF THE 3RD |
|
Greensboro Grasshoppers batting - Pitching for Hartford Yard Goats : RHP Tanner Brazeal
|
|
Batting: LHB Angelo Estrella
|
0-0: Called Strike 0-1: Ball 1-1: Foul Ball, location: 2F 1-2: Ball 2-2: Ground out 4-3 (Groundball, 4, EV 98.1 MPH)
|
|
Batting: LHB Dong-u Chang
|
0-0: Ball 1-0: Ball 2-0: Ball 3-0: Foul Ball, location: 2F 3-1: Base on Balls
|
|
Batting: RHB Miguel Velasco
|
0-0: Ball 1-0: Ball 2-0: Ball 3-0: Called Strike 3-1: Called Strike 3-2: Foul Ball, location: 2F 3-2: Base on Balls Dong-u Chang to second
|
|
Batting: RHB Nate Crofts
|
0-0: Called Strike 0-1: Ball 1-1: Swinging Strike 1-2: Foul Ball, location: 2F 1-2: Foul Ball, location: 2F 1-2: Foul Ball, location: 2F 1-2: DOUBLE (Flyball, 8LXD, EV 91.9 MPH) Dong-u Chang scores Miguel Velasco to third
|
|
Batting: RHB Alberto Bravo
|
0-0: Swinging Strike 0-1: Ball 1-1: Called Strike 1-2: Ball 2-2: SINGLE (Line Drive, 78S, EV 94.4 MPH) Miguel Velasco scores Nate Crofts to third Runner from 3rd tries for Home, SAFE, throw by LF to home
|
|
Batting: LHB Ryan Thompson
|
0-0: Called Strike Alberto Bravo steals 2nd, throwing error, E2 Alberto Bravo to third 0-1: Ball 1-1: Called Strike 1-2: Ground out 3-1 (Groundball, 34, EV 77.5 MPH) Alberto Bravo scores
|
|
Pitching: RHP Jonathan Alldritt
|
|
|
Batting: RHB J.D. Vander Klok
|
0-0: Ball 1-0: Called Strike 1-1: Foul Ball, location: 2F 1-2: Ball 2-2: Ground out 5-3 (Groundball, 5, EV 81.9 MPH)
|
| Bottom of the 3rd over - 4 runs, 2 hits, 1 error, 0 left on base; Hartford 3 - Greensboro 5 |
| TOP OF THE 4TH |
|
Hartford Yard Goats batting - Pitching for Greensboro Grasshoppers : RHP Andy Gibson
|
|
Batting: RHB Ray Insley
|
0-0: Ball 1-0: SINGLE (Groundball, 6MS, EV 70.6 MPH) (infield hit)
|
|
Batting: RHB Manny Thompson
|
0-0: Foul Ball, location: 2F 0-1: Ball 1-1: Fly out, F4 (Popup, 4S, EV 87.5 MPH)
|
|
Batting: RHB Willie Benito
|
0-0: Called Strike 0-1: Foul Ball, location: 2F 0-2: Fielders Choice at 2nd, 5-4 (Groundball, 56, EV 86.9 MPH)
|
|
Batting: RHB Josh Lofgreen
|
0-0: Called Strike 0-1: Fly out, F5 (Line Drive, 5, EV 66.2 MPH)
|
| Top of the 4th over - 0 runs, 1 hit, 0 errors, 1 left on base; Hartford 3 - Greensboro 5 |
| BOTTOM OF THE 4TH |
|
Greensboro Grasshoppers batting - Pitching for Hartford Yard Goats : RHP Jonathan Alldritt
|
|
Batting: RHB Hikaru Nakata
|
0-0: Called Strike 0-1: Ground out 4-3 (Groundball, 4S, EV 89.4 MPH)
|
|
Batting: RHB Tom Thompson
|
0-0: Ball 1-0: Called Strike 1-1: Fly out, F7 (Flyball, 7, EV 83.1 MPH)
|
|
Pitching: RHP Travis Palmisano
|
|
|
Batting: LHB Angelo Estrella
|
0-0: Ball 1-0: Ball 2-0: Ball 3-0: Base on Balls
|
|
Batting: LHB Dong-u Chang
|
0-0: Ball Angelo Estrella steals 2nd base 1-0: SINGLE (Groundball, 6MD, EV 93.8 MPH) Angelo Estrella to third Runner from 3rd tries for Home, SAFE, throw by CF to home
|
|
Batting: RHB Miguel Velasco
|
0-0: Called Strike 0-1: Swinging Strike 0-2: Fielders Choice at 2nd, 6-4 (Groundball, 6, EV 81.9 MPH)
|
| Bottom of the 4th over - 1 run, 1 hit, 0 errors, 1 left on base; Hartford 3 - Greensboro 6 |
| TOP OF THE 5TH |
|
Hartford Yard Goats batting - Pitching for Greensboro Grasshoppers : RHP Andy Gibson
|
|
Batting: LHB Nick Martin
|
0-0: Ball 1-0: Foul Ball, location: 2F 1-1: Called Strike 1-2: SINGLE (Line Drive, 7S, EV 90.6 MPH)
|
|
Batting: RHB Doug D'Onofrio
|
0-0: Ball 1-0: Ball Nick Martin is caught stealing 2nd base 2-4 2-0: Ground out 6-3 (Groundball, 56, EV 86.2 MPH)
|
|
Batting: LHB Harry Folsom
|
0-0: Ball 1-0: Foul Ball, location: 2F 1-1: Ball 2-1: DOUBLE (Line Drive, 89XD, EV 103.8 MPH)
|
|
Batting: RHB Wali Mulogo
|
0-0: Called Strike 0-1: SINGLE (Groundball, 6MD, EV 96.9 MPH) Harry Folsom to third Runner from 3rd tries for Home, SAFE, throw by CF to home
|
|
Batting: RHB Chris Osting
|
0-0: Ball 1-0: Ball Wild Pitch! Wali Mulogo to second 2-0: Called Strike 2-1: Foul Ball, location: 2F 2-2: Strikes out swinging
|
| Top of the 5th over - 1 run, 3 hits, 0 errors, 1 left on base; Hartford 4 - Greensboro 6 |
| BOTTOM OF THE 5TH |
|
Greensboro Grasshoppers batting - Pitching for Hartford Yard Goats : RHP Travis Palmisano
|
|
Batting: RHB Nate Crofts
|
0-0: Ball 1-0: Hit by Pitch
|
|
Batting: RHB Alberto Bravo
|
0-0: Called Strike 0-1: Ball 1-1: Fly out, F9 (Flyball, 89D, EV 93.8 MPH)
|
|
Batting: LHB Ryan Thompson
|
0-0: Grounds into double play, 5-4-3 (Groundball, 56, EV 107.5 MPH)
|
| Bottom of the 5th over - 0 runs, 0 hits, 0 errors, 0 left on base; Hartford 4 - Greensboro 6 |
| TOP OF THE 6TH |
|
Hartford Yard Goats batting - Pitching for Greensboro Grasshoppers : RHP Andy Gibson
|
|
Batting: RHB Ray Insley
|
0-0: Ground out 6-3 (Groundball, 6S, EV 68.1 MPH)
|
|
Batting: RHB Manny Thompson
|
0-0: Ball 1-0: SINGLE (Line Drive, 78S, EV 106.2 MPH)
|
|
Batting: RHB Willie Benito
|
0-0: Grounds into double play, 5-4-3 (Groundball, 56, EV 80.0 MPH)
|
| Top of the 6th over - 0 runs, 1 hit, 0 errors, 0 left on base; Hartford 4 - Greensboro 6 |
| BOTTOM OF THE 6TH |
|
Greensboro Grasshoppers batting - Pitching for Hartford Yard Goats : RHP Travis Palmisano
|
|
Batting: RHB J.D. Vander Klok
|
0-0: Ball 1-0: DOUBLE (Line Drive, 9LS, EV 96.2 MPH)
|
|
Batting: RHB Hikaru Nakata
|
0-0: Called Strike 0-1: Ball 1-1: Ball 2-1: Called Strike 2-2: Strikes out swinging
|
|
Batting: RHB Tom Thompson
|
0-0: SINGLE (Groundball, 6MD, EV 98.8 MPH) J.D. Vander Klok to third
|
|
Batting: LHB Angelo Estrella
|
0-0: Ball 1-0: Ball 2-0: Called Strike 2-1: Called Strike 2-2: Foul Ball, location: 2F 2-2: Ball Tom Thompson steals 2nd base 3-2: Base on Balls
|
|
Batting: LHB Dong-u Chang
|
0-0: Ball 1-0: Called Strike 1-1: Ball 2-1: Grounds into double play, U6-3 (Groundball, 4M, EV 98.1 MPH)
|
| Bottom of the 6th over - 0 runs, 2 hits, 0 errors, 2 left on base; Hartford 4 - Greensboro 6 |
| TOP OF THE 7TH |
|
Hartford Yard Goats batting - Pitching for Greensboro Grasshoppers : RHP Andy Gibson
|
|
Batting: RHB Josh Lofgreen
|
0-0: Ball 1-0: Ground out 6-3 (Groundball, 6, EV 96.9 MPH)
|
|
Batting: LHB Nick Martin
|
0-0: Ball 1-0: Foul Ball, location: 2F 1-1: Fly out, F8 (Flyball, 8RD, EV 93.1 MPH)
|
|
Batting: RHB Doug D'Onofrio
|
0-0: Called Strike 0-1: Called Strike 0-2: Strikes out swinging
|
| Top of the 7th over - 0 runs, 0 hits, 0 errors, 0 left on base; Hartford 4 - Greensboro 6 |
| BOTTOM OF THE 7TH |
|
Greensboro Grasshoppers batting - Pitching for Hartford Yard Goats : RHP Travis Palmisano
|
|
Pitching: LHP Rafael Lozano
|
|
|
Batting: RHB Miguel Velasco
|
0-0: Called Strike 0-1: Ball 1-1: Called Strike 1-2: Strikes out looking
|
|
Pitching: RHP Bobby Servin
|
|
|
Batting: RHB Nate Crofts
|
0-0: Ball 1-0: SINGLE (Groundball, 34D, EV 98.8 MPH)
|
|
Batting: RHB Alberto Bravo
|
0-0: Foul Ball, location: 2F 0-1: Swinging Strike 0-2: Fielders Choice at 2nd, 1-4 (Groundball, P, EV 71.2 MPH)
|
|
Batting: LHB Ryan Thompson
|
0-0: Ball 1-0: Ball Wild Pitch! Alberto Bravo to second 2-0: Ball 3-0: Base on Balls
|
|
Batting: RHB J.D. Vander Klok
|
0-0: Ball 1-0: Ball 2-0: Ball 3-0: Called Strike 3-1: Base on Balls Alberto Bravo to third Ryan Thompson to second
|
|
Batting: RHB Hikaru Nakata
|
0-0: Ball 1-0: Swinging Strike 1-1: Ground out 4-3 (Groundball, 4, EV 98.8 MPH)
|
| Bottom of the 7th over - 0 runs, 1 hit, 0 errors, 3 left on base; Hartford 4 - Greensboro 6 |
| TOP OF THE 8TH |
|
Hartford Yard Goats batting - Pitching for Greensboro Grasshoppers : RHP Andy Gibson
|
|
Batting: LHB Harry Folsom
|
0-0: Called Strike 0-1: SINGLE (Line Drive, 9S, EV 88.8 MPH)
|
|
Batting: RHB Wali Mulogo
|
0-0: Called Strike 0-1: Ball 1-1: Foul Ball, location: 2F 1-2: Ball 2-2: Foul Ball, location: 2F 2-2: Strikes out swinging
|
|
Pinch Hitting: LHB Jason Ryan
|
0-0: Foul Ball, location: 2F 0-1: Called Strike 0-2: Ball 1-2: SINGLE (Groundball, 6MD, EV 101.2 MPH) Harry Folsom to second
|
|
Batting: RHB Ray Insley
|
0-0: Called Strike 0-1: Called Strike 0-2: Ball 1-2: Strikes out swinging
|
|
Pitching: RHP Rodolfo Mendez
|
|
|
Batting: RHB Manny Thompson
|
0-0: Called Strike 0-1: Called Strike 0-2: Ball 1-2: Ball 2-2: Strikes out swinging
|
| Top of the 8th over - 0 runs, 2 hits, 0 errors, 2 left on base; Hartford 4 - Greensboro 6 |
| BOTTOM OF THE 8TH |
|
Greensboro Grasshoppers batting - Pitching for Hartford Yard Goats : RHP Bobby Servin
|
|
Now in LF: Brad Madden
|
|
|
Batting: RHB Tom Thompson
|
0-0: Called Strike 0-1: Called Strike 0-2: Ball 1-2: Strikes out looking
|
|
Batting: LHB Angelo Estrella
|
0-0: Called Strike 0-1: Ball 1-1: Foul Ball, location: 2F 1-2: Ball 2-2: Foul Ball, location: 2F 2-2: Foul Ball, location: 2F 2-2: Ball 3-2: DOUBLE (Line Drive, 9LM, EV 95.0 MPH)
|
|
Batting: LHB Dong-u Chang
|
0-0: Called Strike 0-1: SINGLE (Groundball, 56D, EV 96.2 MPH) Angelo Estrella to third
|
|
Batting: RHB Miguel Velasco
|
0-0: Called Strike 0-1: Fly out, F8 (Flyball, 8RD, EV 106.2 MPH) Runner from 3rd tags up, SCORES, throw by CF
|
|
Batting: RHB Nate Crofts
|
0-0: Ball 1-0: Fielders Choice at 2nd, 6-4 (Groundball, 6, EV 76.9 MPH)
|
| Bottom of the 8th over - 1 run, 2 hits, 0 errors, 1 left on base; Hartford 4 - Greensboro 7 |
| TOP OF THE 9TH |
|
Hartford Yard Goats batting - Pitching for Greensboro Grasshoppers : RHP Rodolfo Mendez
|
|
Batting: RHB Willie Benito
|
0-0: Foul Ball, location: 2F 0-1: Foul Ball, location: 2F 0-2: Foul Ball, location: 2F 0-2: Ball 1-2: Strikes out swinging
|
|
Batting: RHB Josh Lofgreen
|
0-0: Called Strike 0-1: Called Strike 0-2: Strikes out looking
|
|
Batting: LHB Nick Martin
|
0-0: Ball 1-0: Ground out U3 (Groundball, 34, EV 106.9 MPH)
|
| Top of the 9th over - 0 runs, 0 hits, 0 errors, 0 left on base; Hartford 4 - Greensboro 7 |
|